 Dungeon Crawl Stone Soup version 0.28-a0-233-gb8ca4b6547 (webtiles) character file.

Game seed: 11584385394296464916

4 frimble the Charlatan (level 1, 0/17 HPs)
             Began as a Gnoll Wanderer on Aug 23, 2021.
             Slain by a bat (1 damage)
             ... on level 1 of the Dungeon.
             The game lasted 00:00:36 (112 turns).

frimble the Charlatan (Gnoll Wanderer)               Turns: 112, Time: 00:00:37

Health: 0/17       AC:  3    Str: 12 (14) XL:     1   Next: 60%
Magic:  1/1        EV: 11    Int:  8 (10) God:
Gold:   2          SH:  0    Dex:  6 (9)  Spells: 0/0 levels left

rFire   . . .      SeeInvis .   a - +0 spear
rCold   . . .      Faith    .   (no shield)
rNeg    . . .      Spirit   .   c - +0 leather armour
rPois   .          Reflect  .   (no helmet)
rElec   .          Harm     .   (no cloak)
rCorr   .          Rampage  .   (no gloves)
Will    .....                   (no boots)
Stlth   +.........              (no amulet)
HPRegen 0.05/turn               (no ring)
MPRegen 0.07/turn               (no ring)

@: no status effects
A: fangs 1, strong nose, distributed training
a: no special abilities


You were on level 1 of the Dungeon.
You visited 1 branch of the dungeon, and saw 1 of its levels.

You collected 2 gold pieces.

Inventory:

Hand Weapons
 a - a +0 spear (weapon)
Missiles
 b - 2 throwing nets (quivered)
Armour
 c - a +0 leather armour (worn)
Miscellaneous
 d - a piece from Xom's chessboard (7/15)


   Skills:
 + Level 2.4 Fighting
 + Level 0.1 Short Blades
 + Level 0.1 Long Blades
 + Level 0.1 Axes
 + Level 0.1 Maces & Flails
 + Level 0.1 Polearms
 + Level 2.4 Staves
 + Level 0.1 Slings
 + Level 0.1 Bows
 + Level 0.1 Crossbows
 + Level 0.1 Throwing
 + Level 0.1 Armour
 + Level 4.4 Dodging
 + Level 2.2 Stealth
 + Level 0.1 Shields
 + Level 0.1 Unarmed Combat
 + Level 0.1 Spellcasting
 + Level 0.1 Conjurations
 + Level 3.6 Hexes
 + Level 2.0 Summonings
 + Level 0.1 Necromancy
 + Level 0.1 Translocations
 + Level 0.1 Transmutations
 + Level 0.1 Fire Magic
 + Level 0.1 Ice Magic
 + Level 0.1 Air Magic
 + Level 0.1 Earth Magic
 + Level 0.1 Poison Magic
 + Level 0.2 Invocations
 + Level 4.4 Evocations


You couldn't memorise any spells.
You didn't know any spells.
Your spell library was empty.

Dungeon Overview and Level Annotations

Branches:
Dungeon (1/15)

Altars:


Innate Abilities, Weirdness & Mutations

You have very sharp teeth.
Your uncanny sense of smell can sniff out nearby items.
Your experience applies equally to all skills.


Message History

Aim: a kobold, wielding a +0 dagger and quivering stones (heavily wounded, strong, petrified, misshapen and mutated, about 2% to evade your +0 spear)
You reach to attack!
The helpless kobold fails to defend itself.
You hit the kobold.
The kobold is severely wounded.
Reach: a) +0 spear
Press: ? - help, Dir - move target, f/p - kobold
Aim: a kobold, wielding a +0 dagger and quivering stones (severely wounded, strong, petrified, misshapen and mutated, about 2% to evade your +0 spear)
You reach to attack!
The helpless kobold fails to defend itself.
You hit the kobold.
The kobold is severely wounded.
Reach: a) +0 spear
Press: ? - help, Dir - move target, f/p - kobold
Aim: a kobold, wielding a +0 dagger and quivering stones (severely wounded, strong, petrified, misshapen and mutated, about 2% to evade your +0 spear)
You reach to attack!
The helpless kobold fails to defend itself.
You hit the kobold.
You kill the kobold!
Something hits you but does no damage.
Your Summonings skill increases to level 2!
You can't see anything.
Try to make a move anyway? [Y]es or [N]o only, please.
You can't see anything.
Try to make a move anyway? [Y]es or [N]o only, please.
You can't see anything.
Try to make a move anyway?
You make a move on Xom's chessboard...
Nothing appears to happen.
Something hits you but does no damage. x2
Something hits you.
* * * LOW HITPOINT WARNING * * *
You aren't carrying any potions.
You aren't carrying any scrolls.
Unknown command.
Throw: 3 throwing nets
Press: ? - help, Q - select action, (/) - cycle Shift-Dir - straight line, f - kobold
Aim: a kobold, wielding a +0 short sword (43% to hit)
You throw a throwing net.
Something gets caught in the net!
Something hits you but does no damage.
Something wriggles in the net.
Something hits you.
You die...

..#..... #.#....# # #..#
#. #.#....#.# #..#.P.
#.##...#.# #..#.#
..##..... ...P. ###
#..#####..# #
#.....##..# #
##........###########
####.........K(.@.......
.....#####..#####.......
#.##.# ∆#..# #######
#.##.#..?.b.#
#.##.#.#)#.## #.##.#
###.# #.##.. ..# ..#...
...# ....#. ..#


You could see a kobold.

Vanquished Creatures
  A giant cockroach (D:1)
  2 kobolds (D:1)
3 creatures vanquished.

Notes
Turn   | Place    | Note
-------+----------+-------------------------------------------
     0 | D:1      | frimble the Gnoll Wanderer began the quest for the Orb.
     0 | D:1      | frimble set off with the following items: a +0 spear, 4
                  | throwing nets, a +0 leather armour, a piece from Xom's
                  | chessboard (15/15)
     0 | D:1      | Reached XP level 1. HP: 17/17 MP: 1/1
   112 | D:1      | Slain by a bat

Illustrated notes

Levels and vault maps discovered:
D:1:      dpeg_arrival_court, layout_loops_ring,
          shapermc_ecumenical_altar_mp_urbaneastern, minmay_split_cup_small

Skill      XL: |  1 |
---------------+----+-----
Summonings     | 2 |  2.0
Fighting       | |  2.4
Short Blades   | |  0.1
Long Blades    | |  0.1
Axes           | |  0.1
Maces & Flails | |  0.1
Polearms       | |  0.1
Staves         | |  2.4
Slings         | |  0.1
Bows           | |  0.1
Crossbows      | |  0.1
Throwing       | |  0.1
Armour         | |  0.1
Dodging        | |  4.4
Stealth        | |  2.2
Shields        | |  0.1
Unarmed Combat | |  0.1
Spellcasting   | |  0.1
Conjurations   | |  0.1
Hexes          | |  3.6
Necromancy     | |  0.1
Translocations | |  0.1
Transmutations | |  0.1
Fire Magic     | |  0.1
Ice Magic      | |  0.1
Air Magic      | |  0.1
Earth Magic    | |  0.1
Poison Magic   | |  0.1
Invocations    | |  0.2
Evocations     | |  4.4

Action                   || total
-------------------------++-------
Melee: Spear             ||    17
Throw: Throwing net      ||     2
Evoke: Piece from Xom's  ||     8
  Use: Potion            ||     1
 Stab: Petrified         ||     3
       Held in net/web   ||     1
Armor: Leather armour    ||     9
Dodge: Dodged            ||    16

Table legend: (Time is in decaauts)
 A = Elapsed time spent in this place.
 B = Non-inter-level travel time spent in this place.
 C = Inter-level travel time spent in this place.
 D = Time resting spent in this place.
 E = Time spent auto-exploring this place.
 F = Levels seen in this place.
 G = Mean time per level.
                   A        B        C        D        E       F      G
               +--------+--------+--------+--------+--------+-----+--------+
         Total |    113 |    113 |      0 |      0 |     68 |   1 |  113.0 |
       Dungeon |    113 |    113 |      0 |      0 |     68 |   1 |  113.0 |
               +--------+--------+--------+--------+--------+-----+--------+

Top non-repeatable levels by time:
     D:1: 113 daAuts
